 Dungeon Crawl Stone Soup version 0.21-a0-225-g207ae17 (webtiles) character file.

47 Gorglomux the Skirmisher (level 3, -1/33 HPs)
             Began as a Minotaur Ice Elementalist on Aug 29, 2017.
             Succumbed to an adder's poison
             ... on level 2 of the Dungeon.
             The game lasted 00:01:36 (1599 turns).

Gorglomux the Skirmisher (MiIE)                     Turns: 1599, Time: 00:01:36

Health: -1/33      AC:  2    Str: 13    XL:     3   Next: 48%
Magic:  4/4        EV: 12    Int: 12    God:
Gold:   71         SH:  0    Dex: 10    Spells: 3/4 levels left

rFire    . . .     SeeInvis .   V - +0 short sword
rCold    . . .     Gourm    .   (no shield)
rNeg     . . .     Faith    .   a - +0 robe
rPois    .         Spirit   .   (helmet restricted)
rElec    .         Reflect  .   (no cloak)
rCorr    .         Harm     .   (no gloves)
MR       .....                  (no boots)
Stlth    ++........             (no amulet)
HPRegen  0.11/turn              (no ring)
MPRegen  0.09/turn              (no ring)

@: lethally poisoned (-1 -> -15)
A: retaliatory headbutt, horns 2
a: no special abilities


You were on level 2 of the Dungeon.
You were not hungry.

You visited 1 branch of the dungeon, and saw 2 of its levels.

You collected 71 gold pieces.

Inventory:

Hand Weapons
 V - a +0 short sword (weapon)
Armour
 a - a +0 robe (worn)
Scrolls
 j - a scroll of fear {unknown}
 R - a scroll of identify
 T - 2 scrolls of enchant weapon
 U - a scroll of teleportation {unknown}
 Y - a scroll of enchant armour {unknown}
Potions
 i - 2 potions of ambrosia
 Q - a potion of curing
 S - a potion of flight {unknown}
Books
 b - a book of Frost

   Spells                             Type                      Level
   a - Freeze                         Ice                          1
   b - Throw Frost                    Conjuration/Ice              2
   c - Ozocubu's Armour               Charms/Ice                   3
   d - Throw Icicle                   Conjuration/Ice              4
   e - Summon Ice Beast               Ice/Summoning                4
Comestibles
 c - a bread ration
 f - 3 chunks of flesh
 z - a meat ration
 W - a royal jelly
 X - 2 fruits


   Skills:
 + Level 3.9 Fighting
 - Level 2.1 Dodging
 - Level 1.5 Stealth
 - Level 1.3 Spellcasting
   Level 0.6 Conjurations
 - Level 2.1 Ice Magic


You had 3 spell levels left.
You knew the following spells:

 Your Spells              Type           Power        Failure   Level  Hunger
a - Freeze                Ice            #...         12%         1    ##.....


Dungeon Overview and Level Annotations

Branches:
Dungeon (2/15)

Altars:
Cheibriados


Innate Abilities, Weirdness & Mutations

You reflexively headbutt those who attack you in melee.
You have a pair of horns on your head.


Message History

You feel sick! The adder bites you! * * * don't die
* * * You barely miss the adder!
The adder is heavily wounded! * * * don't die
* * * You feel sick!
The adder bites you! * * * don't die
* * * You are more poisoned!
The adder poisons you!!! The adder bites you! * * * don't die
* * * Unknown command!
You spit the adder like a pig!
The adder is severely wounded! * * * don't die
* * * You feel sick!
The adder barely misses you!
You stick the adder like a pincushion!
You annihilate the adder!!! * * * don't die
* * * You feel sick! rip

.........## ##...................
.########.###.##.####.####.#####.
..#### ##.#.###.# #.# #.# #.
.....# ##.####.## #.####.#####.
..##.# #.###.>.###<...........
.###.# #...........####.###### .#
#.######.###...#######.#.## .#
#.##.....# ##.## ####.###.#### .#
#.##.##### #@# #...## ##...#
.###.##.# #.# #.##)###>##..
.....##.# ##.# #.###.#.#####
#######.# #..####.####.## .#
#.#######............# .#
#..........#.######### .#
#########..#.# .######
##....########### ......#
##...............#


There were no monsters in sight!

Vanquished Creatures
  An adder (D:2)
  A leopard gecko (D:1)
  5 bats
  3 giant cockroaches
  4 goblins
  9 hobgoblins
  3 frilled lizards (D:2)
  3 kobolds
  7 rats
36 creatures vanquished.

Notes
Turn   | Place    | Note
-------+----------+-------------------------------------------
     0 | D:1      | Gorglomux the Minotaur Ice Elementalist began the quest for the Orb.
     0 | D:1      | Reached XP level 1. HP: 14/14 MP: 1/1
    67 | D:1      | Reached skill level 1 in Fighting
    98 | D:1      | Reached skill level 2 in Fighting
   354 | D:1      | Reached XP level 2. HP: 18/24 MP: 0/3
   923 | D:2      | Reached skill level 3 in Fighting
  1092 | D:2      | Found a snail-covered altar of Cheibriados.
  1100 | D:2      | Reached XP level 3. HP: 31/31 MP: 4/4
  1598 | D:2      | HP: 1/33 [poisoned by an adder]
  1599 | D:2      | Succumbed to an adder's poison

Vault maps used:
D:1:      lightli_arrival_flooded_house
D:2:      nicolae_overflow_crystal_walls

Skill      XL: |  1  2 |
---------------+-------+-----
Fighting       | 2 3 |  3.9
Dodging        | |  2.1
Stealth        | |  1.5
Spellcasting   | |  1.3
Conjurations   | |  0.6
Ice Magic      | |  2.1

Action                   || total
-------------------------++-------
Melee: Unarmed           ||    57
       Headbutt          ||    14
       Short sword       ||    41
       Dagger            ||     3
 Cast: Freeze            ||     6
  Use: Scroll            ||     4
 Stab: Sleeping          ||     4
  Eat: Chunk             ||     2
Armor: Robe              ||    15
Dodge: Dodged            ||    82

Table legend:
 A = Spawn XP
 B = Non-spawn XP
 C = Spawn XP percentage of total XP
 D = Spawn monster count
 E = Non-spawn monster count
 F = Spawn count percentage of total count
 G = Total turns spent on level
                    A         B        C        D         E        F      G
               +---------+---------+-------+---------+---------+-------+---------
         Total |      15 |      53 |  22.1 |       3 |      33 |   8.3 |  1599
               +---------+---------+-------+---------+---------+-------+---------
           D:1 |       1 |      28 |   3.4 |       1 |      17 |   5.6 |   881
           D:2 |      14 |      25 |  35.9 |       2 |      16 |  11.1 |   718
               +---------+---------+-------+---------+---------+-------+---------
